 Dungeon Crawl Stone Soup version 0.28-a0-1429-gf3d713df7a (webtiles) character file.

Game seed: 12685874406754991439

663 Cheeritup the Summoner (level 7, -2/34 HPs)
             Began as a Tengu Summoner on Jan 7, 2022.
             Was a Plaything of Xom.
             Slain by a white imp (3 damage)
             ... on level 5 of the Dungeon on Jan 8, 2022.
             The game lasted 00:25:28 (5594 turns).

Cheeritup the Summoner (Tengu Summoner)             Turns: 5594, Time: 00:25:29

Health: -2/34      AC:  8    Str:  8    XL:     7   Next: 56%
Magic:  11/11      EV: 13    Int: 15    God:    Xom [.*....]
Gold:   169        SH:  0    Dex: 15    Spells: 1/10 levels left

rFire   . . .      SeeInvis .   a - +0 falchion
rCold   . . .      Faith    .   (no shield)
rNeg    . . .      Spirit   .   f - +2 ring mail {rPois}
rPois   +          Reflect  .   (helmet restricted)
rElec   .          Harm     .   j - +0 cloak
rCorr   .          Rampage  .   (no gloves)
Will    .....                   (boots unavailable)
Stlth   ++........              (no amulet)
HPRegen 0.11/turn               i - ring of wizardry
MPRegen 0.12/turn               (no ring)

@: flying quickly and evasively, quick
A: beak, talons 3, nimble flight, frail 1, screaming 2, weak 1
a: Renounce Religion


You were on level 5 of the Dungeon.
You worshipped Xom.
You were a plaything of Xom.
You visited 1 branch of the dungeon, and saw 5 of its levels.
You also visited: Ossuary.

You collected 218 gold pieces.
You spent 49 gold pieces at shops.

Inventory:

Hand Weapons
 a - a +0 falchion (weapon)
 b - a +0 hand crossbow
 C - a +0 trident
Missiles
 e - a throwing net
 n - 13 bolts
Armour
 f - a +2 ring mail of poison resistance (worn)
 j - a +0 cloak (worn)
 l - a +0 leather armour
Jewellery
 i - a ring of wizardry (left hand)
 p - a ring of fire
Wands
 r - a wand of iceblast (12)
Scrolls
 h - 5 scrolls of teleportation
 q - a scroll of fear {unknown}
 u - a scroll of fog
 z - a scroll of immolation {unknown}
Potions
 c - a potion of haste {unknown}
 d - a potion of ambrosia
 g - 9 potions of curing
 m - a potion of experience {unknown}
 s - a potion of attraction {unknown}
 t - 2 potions of brilliance {unknown}
 A - 2 potions of heal wounds
 B - a potion of flight {unknown}


   Skills:
 - Level 1.0 Fighting
 - Level 4.0 Long Blades
 - Level 4.0 Dodging
 - Level 3.0 Stealth
 - Level 2.0 Spellcasting
 + Level 8.4 Summonings


You had one spell level left.
You knew the following spells:

 Your Spells              Type           Power      Damage    Failure   Level
a - Summon Small Mammal   Summ           100%       N/A       1%          1
b - Call Imp              Summ           26%        N/A       1%          2
c - Call Canine Familiar  Summ           26%        N/A       2%          3
d - Summon Guardian Gole  Hex/Summ       14%        N/A       16%         3

Your spell library contained the following spells:

 Spells                   Type           Power      Damage    Failure   Level
 Sandblast                Erth           2%         2d4       26%         1
 Passwall                 Tmut/Erth      0%         N/A       38%         2
 Summon Lightning Spire   Summ/Air       14%        N/A       43%         4
 Stone Arrow              Conj/Erth      2%         3d7       58%         3
 Petrify                  Tmut/Erth      1%         N/A       92%         4
 Metabolic Englaciation   Hex/Ice        0%         N/A       99%         5
 Statue Form              Tmut/Erth      0%         N/A       100%        6


Dungeon Overview and Level Annotations

Branches:
Dungeon (5/15)            Ossuary (visited)
 Temple: D:4-7

Altars:
Kikubaaqudgha
Xom

Shops:
D:1 [

Annotations:
D:3 1 runed translucent door, exclusion: player ghost, Lekart's ghost, amateur DrGl


Innate Abilities, Weirdness & Mutations

You have a beak for a mouth.
You have claws for feet.
Your magical nature lets you fly swiftly and evasively.
You are frail. (-10% HP)
You frequently scream uncontrollably at your foes.
You are weak. (Str -2)


Message History

You reach down and open the door.
There is an open door here.
You reach down and open the door.
A white imp comes into view.
The white imp shouts, "Get thee hence, thou beslubbering lightweight flax-wench!"
Found a brown potion.
An orc comes into view. It is wielding a +0 mace.
There is an open door here.
The white imp gestures at you. The puff of frost misses you.
Found an escape hatch in the ceiling.
The white imp gestures at you. The puff of frost hits you.
You barely miss the orc. The orc closely misses you. The white imp hits you.
The white imp freezes you.
You hit the orc.
The orc is heavily wounded.
The orc hits you with a +0 mace. The white imp hits you.
The white imp freezes you.
* * * LOW HITPOINT WARNING * * *
The orc barely misses you.
You hit the orc.
You kill the orc!
The white imp hits you but does no damage.
You hit the white imp but do no damage. You claw the white imp.
You peck the white imp.
The white imp is heavily wounded.
The white imp closely misses you.
You hit the white imp.
You claw the white imp, but do no damage.
The white imp is severely wounded.
The white imp gestures at you. The puff of frost hits you.
* * * LOW HITPOINT WARNING * * *
You closely miss the white imp.
The white imp is severely wounded.
The white imp hits you.
* * * LOW HITPOINT WARNING * * *
The white imp freezes you.
You die...

..... .. ..... ...
.....#######...
.............. .######
............# #......
...!......+ +......
#.5)....# #......
+..@....#....#......
#.......#....#......
#.......#....#......
.......##'##....'......
.......#..##....#......
.......<#..##....#......
........#'###....#......
............#....#......
###........'....'......


You could see a white imp.

Vanquished Creatures
  3 scorpions (D:4)
  A howler monkey (D:4)
  An orc priest (D:3)
  A centaur skeleton (D:4)
  5 adders
  A white imp (D:5)
  3 worms
  2 dart slugs
  6 orcs
  9 endoplasms
  4 giant cockroaches
  6 hobgoblins
  2 quokkas
  3 ball pythons
  2 bats
  3 frilled lizards
  4 gnoll skeletons (Ossuary)
  6 goblins
  6 kobolds
  6 kobold skeletons (Ossuary)
  9 orc skeletons (Ossuary)
  3 rats
86 creatures vanquished.

Vanquished Creatures (collateral kills)
  A scorpion (D:4)
  A hound skeleton (D:4)
  A mummy (Ossuary)
  An adder (D:4)
  A worm (D:3)
  An orc (D:3)
  A ball python (D:2)
  A bat (D:1)
  An endoplasm (D:3)
  A giant cockroach (D:4)
  2 hobgoblins (D:4)
  2 kobolds (D:1)
  2 gnoll skeletons (Ossuary)
  A kobold skeleton (Ossuary)
  3 orc skeletons (Ossuary)
  A rat (D:3)
21 creatures vanquished.

Vanquished Creatures (others)
  A wraith (Ossuary)
  2 withered plants (D:3)
3 creatures vanquished.

Grand Total: 110 creatures vanquished

Notes
Turn   | Place    | Note
-------+----------+-------------------------------------------
     0 | D:1      | Cheeritup the Tengu Summoner began the quest for the Orb.
     0 | D:1      | Reached XP level 1. HP: 10/10 MP: 4/4
    72 | D:1      | Reached skill level 5 in Summonings
   340 | D:1      | Reached XP level 2. HP: 15/15 MP: 6/6
   506 | D:1      | Found a faded altar of an unknown god.
   522 | D:1      | Found Cylo's Armour Shop.
   526 | D:1      | Prayed at the altar of an unknown god.
   526 | D:1      | Became a worshipper of Xom of Many Doors
   742 | D:1      | XOM: cloud trail
   824 | D:1      | XOM: silly message
   886 | D:1      | Bought a +0 cloak for 49 gold pieces
  1157 | D:1      | Reached XP level 3. HP: 2/19 MP: 5/7
  1605 | D:2      | XOM: divination: detect items
  1675 | D:2      | XOM: silly message
  1678 | D:2      | Reached skill level 6 in Summonings
  1685 | D:2      | XOM: divination: magic mapping
  1863 | D:2      | XOM: silly message
  1993 | D:2      | Found an ancient bone altar of Kikubaaqudgha.
  2419 | D:2      | Learned a level 2 spell: Call Imp
  2427 | D:2      | Learned a level 3 spell: Call Canine Familiar
  2618 | D:3      | XOM: 1-stop teleportation journey
  2650 | D:3      | Reached XP level 4. HP: 24/24 MP: 4/8
  2808 | D:3      | Found a runed translucent door.
  2809 | D:3      | Noticed Lekart's ghost (amateur DrGl)
  2918 | D:3      | XOM: butterfly on damage
  2920 | D:3      | Reached skill level 7 in Summonings
  3415 | D:3      | Gained mutation: Your magical nature lets you fly swiftly
                  | and evasively. [Tengu growth]
  3415 | D:3      | Reached XP level 5. HP: 27/28 MP: 9/9
  3770 | D:4      | XOM: silly message
  3773 | D:4      | XOM: 4-stop teleportation journey
  3834 | D:4      | Found a sand-covered staircase.
  3843 | D:4      | XOM: 1-stop teleportation journey
  3988 | D:4      | XOM: confuse monster(s)
  3993 | D:4      | XOM: scenery: summon butterflies
  3998 | D:4      | Reached skill level 1 in Long Blades
  3998 | D:4      | Reached XP level 6. HP: 24/32 MP: 3/10
  4000 | D:4      | XOM: 1-stop teleportation journey
  4037 | Ossuary  | Entered an ossuary
  4037 | Ossuary  | Noticed a wraith
  4037 | Ossuary  | Noticed a wraith
  4037 | Ossuary  | Noticed a wraith
  4153 | Ossuary  | XOM: summons 2 hostile shadow creatures
  4175 | Ossuary  | XOM: 1-stop teleportation journey
  4194 | Ossuary  | Noticed a wraith
  4392 | Ossuary  | Learned a level 3 spell: Summon Guardian Golem
  4424 | Ossuary  | XOM: stat loss: -1 Dex (14/15)
  4497 | Ossuary  | XOM: cast spell 'Summon Small Mammal'
  4499 | Ossuary  | Killed a wraith
  4500 | Ossuary  | Reached skill level 1 in Fighting
  4500 | Ossuary  | Reached XP level 7. HP: 38/38 MP: 3/11
  4938 | D:4      | XOM: silly message
  5008 | D:4      | Reached skill level 8 in Summonings
  5260 | D:4      | XOM: give mutations
  5260 | D:4      | Gained mutation: You occasionally shout uncontrollably at
                  | your foes. [Xom's mischief]
  5260 | D:4      | Gained mutation: You are frail. (-10% HP) [Xom's mischief]
  5260 | D:4      | Gained mutation: You are weak. (Str -2) [Xom's mischief]
  5260 | D:4      | Gained mutation: You frequently scream uncontrollably at
                  | your foes. [Xom's mischief]
  5396 | D:4      | XOM: torment (18/34 hp)
  5542 | D:5      | Entered Level 5 of the Dungeon
  5553 | D:5      | Upgraded the game from 0.28-a0-1412-gf95308ed99 to
                  | 0.28-a0-1429-gf3d713df7a
  5594 | D:5      | HP: 1/34 [white imp (3)]
  5594 | D:5      | Slain by a white imp

Illustrated notes

Levels and vault maps discovered:
D:1:      scummos_arrival_gate, layout_basic,
          ebering_ecumenical_altar_abandoned, serial_shops, shop,
          due_unseen_surprise
D:2:      layout_loops_corners, basic_altar, minmay_split_cup_large
D:3:      layout_basic, gammafunk_ghost_grave, chequers_serial_rivers_micro_e
D:4:      layout_loops_ring, chequers_ossuary_entry_cave, grunt_decor_cap,
          minmay_surrounded
D:5:      layout_gridville, mainiacjoe_overflow_surrounded_room, uniq_duvessa

Skill      XL: |  1  2  3  4  5  6  7 |
---------------+----------------------+-----
Summonings     | 5 6 7 8 |  8.4
Dodging        | 3 4 |  4.0
Long Blades    | 1 3 4 |  4.0
Fighting       | 1 |  1.0
Stealth        | 3 |  3.0
Spellcasting   | |  2.0

Action                   |  1- 3 |  4- 6 |  7- 9 || total
-------------------------+-------+-------+-------++-------
Melee: Unarmed           |    16 |       |       ||    16
       Short sword       |    70 |     9 |       ||    79
       Kick              |    18 |    35 |    13 ||    66
       Peck              |    16 |    15 |    11 ||    42
       War axe           |       |    41 |       ||    41
       Falchion          |       |    53 |    44 ||    97
       Punch             |       |     2 |       ||     2
 Fire: Hand crossbow     |     7 |     6 |    11 ||    24
 Cast: Summon Small Mamm |     8 |     7 |     2 ||    17
       Call Canine Famil |     1 |     4 |     2 ||     7
       Call Imp          |     1 |     4 |     1 ||     6
       Summon Guardian G |       |     2 |       ||     2
  Use: Scroll            |       |    10 |     2 ||    12
 Stab: Sleeping          |     1 |     3 |       ||     4
       Distracted        |       |     2 |       ||     2
Armor: Scale mail        |    24 |       |       ||    24
       Robe              |     3 |       |       ||     3
       Ring mail         |    16 |    41 |    16 ||    73
       Leather armour    |     2 |       |       ||     2
Dodge: Dodged            |    38 |    66 |    35 ||   139

Table legend: (Time is in decaauts)
 A = Elapsed time spent in this place.
 B = Non-inter-level travel time spent in this place.
 C = Inter-level travel time spent in this place.
 D = Time resting spent in this place.
 E = Time spent auto-exploring this place.
 F = Levels seen in this place.
 G = Mean time per level.
                   A        B        C        D        E       F      G
               +--------+--------+--------+--------+--------+-----+--------+
         Total |   5503 |   5399 |    104 |   1264 |   2766 |   6 |  917.2 |
       Dungeon |   4918 |   4814 |    104 |   1094 |   2667 |   5 |  983.6 |
       Ossuary |    585 |    585 |      0 |    170 |     99 |   1 |  585.0 |
               +--------+--------+--------+--------+--------+-----+--------+

Top non-repeatable levels by time:
     D:1: 1588 daAuts
     D:4: 1152 daAuts
     D:3: 1132 daAuts
     D:2: 994 daAuts
 Ossuary: 585 daAuts
     D:5: 49 daAuts
